harold, chaotic male elven Priest ---------- ----- |......^..#########` -------- |(..| |..>.....| |.......# |....####### |........| |......|# |...| # ----|----- |......|# ##....| ### ##### ##.......|# # |...| # # # ----.---# # ----- ### -------- ### ### # # # |.!])*)| # # # # ###|.+[=!(| ### ### # # #+@.?/(*| # # # # |.@?(!%| ----------.-- ### # # |./m(!l| |<..........| # # # |.*+%/?| |...........|### # -----# -------- |...........|# ####|...-# |............# #....| ------------- ----- harold the Acolyte Experience level: 3 Strength: 11 Dexterity: 14 Constitution: 13 Intelligence: 10 Wisdom: 17 Charisma: 11 Health: 0(26) Energy: 48(48) Def: 3 Gold: 0 Moves: 1501 Dungeon seed: MDWkQEUH1mtwNSNT Game ID: harold_1614981947 Your Inventory: Weapons a - a blessed corroded +1 mace (weapon in hand) o - a cursed -1 spear Armor e - a +0 robe (being worn) n - a +0 small shield (being worn) Comestibles c - 2 cloves of garlic d - a sprig of wolfsbane i - a pancake j - a slime mold l - a tripe ration w - a food ration Scrolls s - a blessed scroll of remove curse x - a scroll of identify Spellbooks f - a spellbook of identify g - a spellbook of light q - a cursed spellbook of light u - a spellbook of sleep Potions b - 4 potions of holy water Wands v - a wand of magic missile (0:4) Tools h - a bell p - a towel Gems r - a worthless piece of red glass Spells and supernatural/magical abilities: Name Level Category Fail Memory l - light 1 divination 0% 93% I - identify 3 divination 84% 93% W - pray for help -- divine ? -- X - turn undead -- divine ? -- Your skills at the end: Fighting Skills Weapon Skills mace [Basic] Spellcasting Skills clerical spells [Basic] Final Attributes: You were piously aligned. You had infravision. You were held by a giant mimic. You are dead. Vanquished creatures: a homunculus a coyote a large kobold a green mold 2 geckos a fox 3 kobolds 5 grid bugs 5 lichens 2 kobold zombies 3 newts 25 creatures vanquished. Voluntary challenges: You were an atheist. You used a wielded weapon 27 times, starting on turn 64. You read items or engraved 1 time, starting on turn 1140. You never genocided any monsters. You never polymorphed an object. You changed form 1 time, starting on turn 731. You used no wishes. You never split a pudding. You never wrote Elbereth's name. You never violated your personal moral code. Dungeon overview: The Dungeons of Doom: levels 1 to 5 Level 1 a long staircase Level 2 Level 3 a long staircase Level 4 an altar to Quetzalcoatl, a fountain Level 5 <- You were here a general store History has recorded: On T:1 you entered the Dungeons of Doom to retrieve the Amulet of Yendor! On T:402 you reached level 2 of The Dungeons of Doom. On T:594 you advanced to experience level 2. On T:701 you reached level 3 of The Dungeons of Doom. On T:884 you advanced to experience level 3. On T:978 you reached level 4 of The Dungeons of Doom. On T:1309 you reached level 5 of The Dungeons of Doom. Score breakdown: Gold: 0 ( 0 points) Experience: 3 levels ( 7878 points) Exploration: 5 levels ( 10.64%) ( 8846 points) Discoveries: 4 items ( 1.39%) ( 3541 points) Valuables value: (no points given unless you survive) Artifact value: 0 ( 0 points) Variety of kills: 11 monsters ( 2.89%) ( 5097 points) Turncount: 1501 turns ( 0 points) Survival: died (score multiplied by 80%) Total score: 20289 Latest messages: You see here a large box. Hmmm, it seems to be locked. You displace Qwerty. The door opens. "Hello, harold! Welcome to Adjama's general store!" The door resists! The door resists! The leprechaun hits! Your purse feels lighter. The door resists! The door closes. You see here a scroll of identify (20 zorkmids). "For you, esteemed sir; only 20 for this scroll of identify." x - a scroll of identify (unpaid, 20 zorkmids). You see here a scroll labeled VENZAR BORGAVVE (100 zorkmids). You see here a food ration (45 zorkmids). Wait! That's a giant mimic! You hit the giant mimic! (2x) You hit the giant mimic. The giant mimic hits! (2x) You die... Adjama takes all your possessions. Final status: Goodbye harold the Priest, killed by a giant mimic... You died in The Dungeons of Doom on dungeon level 5 with 20289 points, and 0 pieces of gold, after 1501 moves. You were level 3 with a maximum of 26 hit points when you died.